 Dungeon Crawl Stone Soup version 0.20-a0-967-g62cfa5d (webtiles) character file.

18773 Goblin1989 the Carver (level 12, -7/145 HPs)
             Began as a Bultungin Fighter on Apr 7, 2017.
             Was an Elder of Okawaru.
             Mangled by a merfolk
             ... wielding a +0 trident
              (16 damage)
             ... while paralysed by Rupert
             ... on level 12 of the Dungeon.
             The game lasted 00:42:43 (12316 turns).

Goblin1989 the Carver (Bultungin Fighter)          Turns: 12316, Time: 00:42:43

Health: -7/145     AC: 15    Str: 32    XL:     12   Next: 62%
Magic:  14/15      EV:  2    Int:  8    God:    Okawaru [****..]
Gold:   234        SH:  0    Dex: 20    Spells: 11/11 levels left

rFire    + . .     SeeInvis +   b - +7 Screaming Sword
rCold    + + .     Gourm    .   c - +1 shield
rNeg     . . .     Faith    .   d - +0 plate armour
rPois    .         Spirit   .   (no helmet)
rElec    .         Reflect  .   v - +0 cloak
rCorr    .         Harm     .   x - +0 pair of gloves
MR       .....                  N - +0 pair of boots
Stlth    ..........             (no amulet)
Regen    0.4/turn               S - ring "Laff" {rC+ Str+6 Stlth-}
MPRegen  0.2/turn               f - ring of protection from fire

@: paralysed, agile, berserking (expiring), heroism, heavily drained
A: short attention span, claws 1, fangs 1, see invisible, cold resistance 1,
deformed body, strong 1, strong nose
a: Heroism, Renounce Religion


You were on level 12 of the Dungeon.
You worshipped Okawaru.
Okawaru was greatly pleased with you.
You were very hungry.

You visited 2 branches of the dungeon, and saw 13 of its levels.
You also visited: Sewer.

You collected 549 gold pieces.
You spent 315 gold pieces at shops.

Inventory:

Hand Weapons
 a - a +3 whip of electrocution
 b - the +7 Screaming Sword (weapon)
   (You found it on level 6 of the Dungeon)
Missiles
 Z - a throwing net {!d, =f}
Armour
 c - a +1 shield (worn)
 d - a +0 plate armour (worn)
 v - a +0 cloak (worn)
 x - a +0 pair of gloves (worn)
 N - a +0 pair of boots (worn)
 U - the +2 scale mail "Ikaw Vuwai" {rPois MP+9 Int+3}
   (You bought it in a shop on level 10 of the Dungeon)

   It affects your intelligence (+3).
   It protects you from poison.
   It affects your magic capacity (+9).
Jewellery
 f - a ring of protection from fire (right hand)
 g - an uncursed ring of resist corrosion
 i - a +1 ring of protection
 k - an uncursed ring of positive energy {unknown}
 p - an uncursed ring of fire
 K - an uncursed ring of ice
 S - the ring "Laff" (left hand) {rC+ Str+6 Stlth-}
   (You found it on level 10 of the Dungeon)

   [ring of loudness]

   It affects your strength (+6).
   It protects you from cold.
   It makes you less stealthy.
Wands
 B - a wand of disintegration (10/24)
 E - a wand of enslavement (12/24)
 I - a wand of iceblast (8/15)
 M - a wand of paralysis (8/24)
 P - a wand of paralysis (12/24)
 R - a wand of paralysis (18/24)
Scrolls
 h - a scroll of recharging {unknown}
 j - 5 scrolls of remove curse {@r2}
 t - 3 scrolls of enchant armour
 z - 2 scrolls of amnesia
 H - 3 scrolls of enchant weapon
 L - 2 scrolls of immolation {unknown}
 T - 3 scrolls of teleportation {!r, @r3}
Potions
 l - 3 potions of degeneration {unknown}
 n - a potion of berserk rage
 q - a potion of cancellation {unknown}
 r - a potion of invisibility
 u - 4 potions of curing {unknown}
 w - a potion of magic {unknown}
 y - a potion of lignification
 C - 3 potions of flight
 G - 2 potions of resistance {unknown}
 J - a potion of mutation {unknown}
 O - 3 potions of heal wounds {@q2, !q}
 Q - 2 potions of haste {unknown}
 W - a potion of brilliance {unknown}
Books
 s - a book of Enchantments

   Spells                             Type                      Level
   a - Cause Fear                     Hexes                        4
   b - Yara's Violent Unravelling     Hexes/Transmutation          5
   c - Silence                        Hexes/Air                    5
   d - Deflect Missiles               Charms/Air                   6
   e - Discord                        Hexes                        8
 F - a book of Cantrips

   Spells                             Type                      Level
   a - Confusing Touch                Hexes                        1
   b - Animate Skeleton               Necromancy                   1
   c - Summon Small Mammal            Summoning                    1
   d - Apportation                    Translocation                1
Comestibles
 e - 10 bread rations {@e1}
 m - 5 royal jellies
 A - 4 meat rations {@e2}
 D - 3 fruits


   Skills:
 + Level 9.7(12.8) Fighting
 * Level 11.1(14.1) Long Blades
 - Level 10.0(13.1) Maces & Flails
 + Level 9.7(12.8) Armour
 + Level 9.8(12.8) Shields
 + Level 4.6(3.1) Invocations


You had 11 spell levels left.
You didn't know any spells.

Dungeon Overview and Level Annotations

Branches:
Dungeon (12/15)            Temple (1/1) D:7            Lair (0/6) D:8
    Orc (0/2) D:10

Altars:
Ashenzari
Cheibriados
Dithmenos
Elyvilon
Fedhas
Gozag
Hepliaklqana
Kikubaaqudgha
Makhleb
Nemelex Xobeh
Okawaru
Qazlal
Ru
Sif Muna
Trog
Uskayaw
Vehumet
Wu Jian
Xom
Yredelemnul
Zin
The Shining One

Shops:
D:10 [

Annotations:
D:12 Rupert


Innate Abilities, Weirdness & Mutations

You have a short attention span.
You have very sharp teeth.
You have supernaturally acute eyesight. (SInv)
Your uncanny sense of smell can sniff out nearby items.
You have sharp fingernails.
Your flesh is cold resistant. (rC+)
Armour fits poorly on your strangely shaped body.
Your muscles are strong. (Str +2)


Message History

HP restored.
Health restored: 97 Unknown command.
The Singing Sword chimes harmoniously.
A shadow imp comes into view.
The shadow imp shouts!
You closely miss the shadow imp. The shadow imp barely misses you.
You hit the shadow imp.
You bite the shadow imp, but do no damage.
The shadow imp is severely wounded.
You block the shadow imp's attack.
You slash the shadow imp!
You kill the shadow imp!
Okawaru accepts your kill.
You are feeling very hungry.
No target in view!
No target in view!
No target in view!
No target in view!
No target in view!
No target in view!
No target in view!
No target in view!
No target in view!
No target in view!
No target in view!
No target in view!
No target in view!
No target in view!
No target in view!
No target in view!
No target in view!
No target in view!
No target in view!
No target in view!
No target in view!
No target in view!
No target in view!
A merfolk comes into view. It is wielding a trident.
The merfolk shouts!
The merfolk throws a throwing net.
The throwing net barely misses you.
You see here a throwing net {!d, =f}.
The merfolk throws a throwing net.
The throwing net barely misses you.
Rupert the Wild comes into view.
He is wielding a great mace of draining.
The Screaming Sword booms like a raging beast.
The merfolk and Rupert are hurt by the noise.
Rupert shouts!
You hear a shout! x9
Something unseen opens the door.
Rupert is engulfed in blazing flames.
An orc, a centaur and an unseen horror come into view.
There is an open door here.
The centaur wields a runed shortbow.
It is covered in frost.
The centaur shoots an arrow.
You block the arrow.
You see here an arrow.
You hear a splash.
You gain the combat prowess of a mighty hero.
The merfolk hits you from afar with a trident.
You take 4 damage, and have 93/97 hp.
You now have 13/15 mp.
Unknown command.
You feel agile all of a sudden. You block the merfolk's attack.
The Screaming Sword does a drum roll.
The merfolk, Rupert, the centaur and the orc are hurt by the noise.
You hear a shout! x2
A red film seems to cover your vision as you go berserk!
You feel yourself moving faster!
You feel mighty!
The Screaming Sword shouts, "A winner requires a loser!"
The merfolk, Rupert, the centaur and the orc are hurt by the noise.
You now have 140/145 hp.
Unknown command.
You feel a strong urge to attack something.
The Screaming Sword exclaims, "My edge gets dull!
My edge gets dull!"
The merfolk, Rupert, the centaur and the orc are hurt by the noise.
The merfolk hits you from afar with a trident!
You see here an arrow.
You take 12 damage, and have 128/145 hp.
You cut Rupert into ribbons!!!
Rupert is heavily wounded.
Rupert yells loudly at you.
You suddenly lose the ability to move!
The Screaming Sword shouts, "The pen is mightier than the sword?
Come on, pens, here I am!"
The merfolk, Rupert, the centaur and the orc are hurt by the noise.
The merfolk barely misses you.
Rupert roars madly and goes into a rage!
Rupert goes berserk!
The Screaming Sword howls with insane laughter!
The merfolk, Rupert, the centaur and the orc are hurt by the noise.
Rupert hits you with a great mace of draining!
You feel drained.
The merfolk hits you from afar with a trident!
Rupert hits you with a great mace of draining!!
You feel drained.
The merfolk hits you but does no damage.
The Screaming Sword hisses, "Let's hear you complain about my singing with your throat slit!"
The merfolk, Rupert, the centaur and the orc are hurt by the noise.
Rupert hits you with a great mace of draining!!!
* * * LOW HITPOINT WARNING * * *
You feel drained.
* * * LOW HITPOINT WARNING * * *
The merfolk hits you from afar with a trident!
You die... ∆∆∆█.....██.x ∆∆∆█......█.. █████ ∆∆∆█......∆. ..... █████......█ .███ §@§......█ ......█ █omc█

█@█ █@█
█.██████████
██((.........
██...█████████
██████.....█
..........██
████████.██
█.█ █.█


You could see Rupert (berserk), a merfolk, a centaur and an orc.

Vanquished Creatures
  2 two-headed ogres
  The ghost of Graouh the Blocker, a novice MiFi of Okawaru (D:9)
  A wolf spider zombie (D:12)
  A deep elf mage (D:12)
  An ugly thing (D:12)
  A centaur zombie (D:12)
  A kobold demonologist (D:12)
  2 trolls (D:12)
  A hornet (D:7)
  Prince Ribbit (D:7)
  5 hippogriffs
  A wraith (D:12)
  A wyvern (D:9)
  A hungry ghost (D:12)
  Menkaure (D:7)
  4 vampire mosquitoes (D:12)
  An acid dragon (D:12)
  A water moccasin (D:7)
  3 orc warriors
  2 ice beasts
  4 phantoms
  4 sky beasts
  3 ogres
  7 centaurs
  3 crocodiles
  2 big kobolds
  6 bullfrogs
  A gnoll sergeant (D:9)
  6 scorpions
  A killer bee (D:12)
  4 wights (D:6)
  2 howler monkeys
  3 crimson imps
  5 hounds
  3 jellies
  Crazy Yiuf (D:3)
  11 orc priests
  2 bullfrog skeletons
  10 orc wizards
  2 centaur skeletons
  3 iguanas
  Terence (D:3)
  8 worker ants
  A hound skeleton (D:6)
  3 worker ant zombies
  15 gnolls
  17 adders
  A howler monkey skeleton (D:4)
  3 shadow imps
  2 oozes
  2 adder zombies
  2 worms
  3 dart slugs
  5 leopard geckos
  46 orcs
  13 bats
  4 giant cockroaches
  3 hobgoblins (D:1)
  27 jackals
  4 quokkas
  A ball python (D:3)
  3 frilled lizards
  9 goblins
  10 kobolds
  15 rats
313 creatures vanquished.

Vanquished Creatures (others)
  3 orcs
3 creatures vanquished.

Grand Total: 316 creatures vanquished

Notes
Turn   | Place    | Note
-------+----------+-------------------------------------------
     0 | D:1      | Goblin1989 the Bultungin Fighter began the quest for the Orb.
     0 | D:1      | Reached XP level 1. HP: 20/20 MP: 1/1
    24 | D:1      | Reached XP level 2. HP: 16/26 MP: 2/2
   695 | D:1      | Reached XP level 3. HP: 28/32 MP: 3/3
   753 | D:1      | Reached skill level 5 in Shields
  1215 | D:2      | Reached skill level 5 in Fighting
  1324 | D:2      | Found a faded altar of an unknown god.
  1340 | D:2      | Reached XP level 4. HP: 26/39 MP: 4/4
  2377 | D:3      | Noticed Terence
  2383 | D:3      | Killed Terence
  2383 | D:3      | Reached skill level 5 in Maces & Flails
  2383 | D:3      | Reached skill level 5 in Armour
  2383 | D:3      | Reached XP level 5. HP: 44/44 MP: 5/5
  2688 | D:3      | Reached XP level 6. HP: 42/52 MP: 6/6
  3174 | D:3      | Found a runed door.
  3391 | D:3      | Noticed Crazy Yiuf
  3396 | D:3      | Killed Crazy Yiuf
  3516 | D:4      | Reached XP level 7. HP: 59/59 MP: 7/7
  4289 | D:5      | Entered Level 5 of the Dungeon
  4393 | D:5      | Got a pitted leather armour
  4411 | D:5      | Found a snail-covered altar of Cheibriados.
  4420 | D:5      | Reached XP level 8. HP: 55/67 MP: 8/8
  4437 | D:5      | HP: 3/67 [orc/hand axe (1)]
  4751 | D:5      | Found a glowing drain.
  4760 | Sewer    | Entered a sewer
  5397 | D:6      | Got a fabulously ornate robe
  5409 | D:6      | Identified the +1 leather armour of Kyf Esij {rF+ rN+} (You found it on level 5 of the Dungeon)
  5751 | D:6      | Reached XP level 9. HP: 74/74 MP: 9/9
  5796 | D:6      | DEFE: 74
  5796 | D:6      | DEFE: ну норм
  5796 | D:6      | Goblin1989: что 74?
  5796 | D:6      | DEFE: XL9
  5796 | D:6      | DEFE: зитов 74
  5796 | D:6      | DEFE: покажи мутации
  5796 | D:6      | DEFE: You have a short attention span.
  5796 | D:6      | DEFE: це шо
  5796 | D:6      | Goblin1989: хз хз
  5796 | D:6      | Goblin1989: лан, надо посмотреть как дальше навыки себя поведут
  6016 | D:6      | Found a glowing golden altar of the Shining One.
  6632 | D:7      | Noticed Prince Ribbit
  6656 | D:7      | Killed Prince Ribbit
  6708 | D:7      | Reached skill level 10 in Maces & Flails
  6717 | D:7      | Goblin1989: лол!!!
  6717 | D:7      | Goblin1989: -4
  6717 | D:7      | Goblin1989: теперь это кажется немного интереснее
  6862 | D:7      | Got a jewelled trident
  6867 | D:7      | DEFE: -4 это модификатор
  6867 | D:7      | DEFE: а не апта
  6867 | D:7      | DEFE: апта 0
  6867 | D:7      | Goblin1989: ну
  6867 | D:7      | Goblin1989: 0-4=-4
  6867 | D:7      | Goblin1989: или я неправильно считаю?
  6867 | D:7      | Goblin1989: как эти модификаторы тогда работают?
  6867 | D:7      | DEFE: вообще наверное правильно
  6867 | D:7      | DEFE: лол
  6867 | D:7      | DEFE: 26 стоимость
  6903 | D:7      | Noticed Menkaure
  6906 | D:7      | Goblin1989: ага
  6906 | D:7      | Goblin1989: я подозреваю что дальше будет еще веселееэ
  6906 | D:7      | Goblin1989: но хочу все-таки подальше уйти
  6906 | D:7      | DEFE: инвалида очередного сделали
  6907 | D:7      | Reached skill level 1 in Long Blades
  6910 | D:7      | Killed Menkaure
  6910 | D:7      | Reached skill level 2 in Long Blades
  6910 | D:7      | Reached XP level 10. HP: 82/82 MP: 10/10
  7104 | D:7      | Reached skill level 3 in Long Blades
  7115 | D:7      | Found a staircase to the Ecumenical Temple.
  7124 | Temple   | Entered the Ecumenical Temple
  7244 | Temple   | Became a worshipper of Warmaster Okawaru
  7276 | D:7      | Goblin1989: так
  7276 | D:7      | Goblin1989: окавару - помогай!
  7570 | D:7      | Reached skill level 4 in Long Blades
  7896 | D:8      | Gained mutation: Your muscles are strong. (Str +2) [mutagenic meat]
  7910 | D:8      | Noticed a two-headed ogre
  7921 | D:8      | Killed a two-headed ogre
  7921 | D:8      | Reached * piety under Okawaru
  7921 | D:8      | Reached skill level 5 in Long Blades
  8171 | D:8      | Found a staircase to the Lair.
  8189 | D:8      | Reached skill level 6 in Long Blades
  8407 | D:8      | Paralysed by a hornet for 2 turns
  8423 | D:7      | Paralysed by a hornet for 3 turns
  8743 | D:8      | Reached ** piety under Okawaru
  9047 | D:9      | Noticed Graouh's ghost (novice MiFi)
  9059 | D:9      | Killed Graouh's ghost
  9059 | D:9      | Reached skill level 7 in Long Blades
  9059 | D:9      | Reached skill level 1 in Invocations
  9436 | D:9      | Reached XP level 11. HP: 86/89 MP: 12/12
  9487 | D:9      | Reached *** piety under Okawaru
  9583 | D:9      | Noticed a two-headed ogre
  9593 | D:9      | Killed a two-headed ogre
  9593 | D:9      | Reached skill level 8 in Long Blades
  9629 | D:10     | Entered Level 10 of the Dungeon
  9912 | D:10     | Got a pitted lapis lazuli ring
  9914 | D:10     | Identified the ring "Laff" {rC+ Str+6 Stlth-} (You found it on level 10 of the Dungeon)
  9989 | D:10     | Found a staircase to the Orcish Mines.
 10063 | D:10     | Found Godic's Antique Armour Boutique.
 10070 | D:10     | Bought a steaming scale mail for 315 gold pieces
 10080 | D:10     | Identified the +2 scale mail "Ikaw Vuwai" {rPois MP+9 Int+3} (You bought it in a shop on level 10 of the Dungeon)
 10354 | D:11     | Reached skill level 10 in Long Blades
 10354 | D:11     | Reached XP level 12. HP: 96/96 MP: 14/14
 11117 | D:12     | Found a bloodstained altar of Trog.
 11308 | D:12     | Reached skill level 11 in Long Blades
 11309 | D:12     | Goblin1989: лол же!
 11309 | D:12     | Goblin1989: -6
 11309 | D:12     | Goblin1989: это просто ПИЗДЕЦ
 11395 | D:12     | Reached **** piety under Okawaru
 11700 | D:12     | Gained mutation: Armour fits poorly on your strangely shaped body. [mutagenic meat]
 11701 | D:12     | Gained mutation: You have sharp fingernails. [mutagenic meat]
 11702 | D:12     | Gained mutation: Your flesh is cold resistant. (rC+) [mutagenic meat]
 12304 | D:12     | Noticed Rupert
 12312 | D:12     | Paralysed by Rupert for 7 turns
 12316 | D:12     | Mangled by a merfolk

Vault maps used:
D:1:      eino_arrival_tree_alley
D:2:      chequers_ecumenical_altar_island, serial_forest,
          infiniplex_forest_lined_room_, infiniplex_forest_straight_2,
          infiniplex_forest_lined_2, infiniplex_forest_clump_tiny,
          infiniplex_forest_end_3, infiniplex_forest_clump_medium
D:3:      st_stairs_5, uniq_terence, uniq_crazy_yiuf_cottage
D:5:      first_bread, portal_sewer_entry_b, chequers_big_river,
          cheibriados_altar_1
D:6:      old_forge, tso_oasis_becter
D:7:      minmay_blocky_corners, temple_hall, uniq_prince_ribbit1, uniq_menkaure
D:8:      lair_entry_dummy, serial_column_ruins, column_ruins_open_tiny,
          column_ruins_corridor_dead_end, column_ruins_open_tiny,
          column_ruins_columns_straight
D:10:     orc_0_dummy, serial_shops, shop
D:12:     basic_altar, hangedman_stone_soup, uniq_rupert
Temple:   kilobyte_greek_temple
Sewer:    sewer_the_crocodile

Skill      XL: |  1  2  3  4  5  6  7  8  9 10 11 12 |
---------------+-------------------------------------+-----
Maces & Flails | 4 5 6 8 9 10 | 10.0
Shields        | 5 6 7 8 9 |  9.8
Fighting       | 5 6 7 8 9 |  9.7
Armour         | 5 6 7 8 9 |  9.7
Long Blades    | 2 7 10 11 | 11.1
Invocations    | 2 3 4 |  4.6

Action                   |  1- 3 |  4- 6 |  7- 9 | 10-12 || total
-------------------------+-------+-------+-------+-------++-------
Melee: Flail             |   120 |    70 |       |       ||   190
       Bite              |    14 |    14 |    34 |    47 ||   109
       Whip              |       |   105 |   416 |    73 ||   594
       Double sword      |       |       |       |   287 ||   287
Invok: Heroism           |       |       |       |     4 ||     4
Evoke: Wand              |       |       |       |     3 ||     3
  Use: Scroll            |       |       |    10 |     3 ||    13
       Potion            |       |       |     2 |     3 ||     5
 Stab: Held in net/web   |       |       |     4 |       ||     4
       Paralysed         |       |       |       |     8 ||     8
  Eat: Chunk             |     1 |     7 |    12 |    21 ||    41
Armor: Scale mail        |    60 |    34 |       |       ||    94
       Chain mail        |       |    28 |   160 |    34 ||   222
       Plate armour      |       |       |       |   132 ||   132
Dodge: Dodged            |    35 |    36 |    64 |    74 ||   209
Block: Shield            |    60 |    75 |   214 |   214 ||   563
       Rpst.: Double sword |       |       |       |    17 ||    17

Vault maps used:
D:1:      eino_arrival_tree_alley
D:2:      chequers_ecumenical_altar_island, serial_forest,
          infiniplex_forest_lined_room_, infiniplex_forest_straight_2,
          infiniplex_forest_lined_2, infiniplex_forest_clump_tiny,
          infiniplex_forest_end_3, infiniplex_forest_clump_medium
D:3:      st_stairs_5, uniq_terence, uniq_crazy_yiuf_cottage
D:5:      first_bread, portal_sewer_entry_b, chequers_big_river,
          cheibriados_altar_1
D:6:      old_forge, tso_oasis_becter
D:7:      minmay_blocky_corners, temple_hall, uniq_prince_ribbit1, uniq_menkaure
D:8:      lair_entry_dummy, serial_column_ruins, column_ruins_open_tiny,
          column_ruins_corridor_dead_end, column_ruins_open_tiny,
          column_ruins_columns_straight
D:10:     orc_0_dummy, serial_shops, shop
D:12:     basic_altar, hangedman_stone_soup, uniq_rupert
Temple:   kilobyte_greek_temple
Sewer:    sewer_the_crocodile
